AoeStats
← get cooked

Arena

508192035Analyzed
2v2 RM · 11d ago on Sep 21, 2026· 41m 19s· 4 players
Game mode
Random Map
Map size
Medium (4 player)
Population
200
Speed
Normal
Resources
Standard
Victory
Conquest
Starting age
Dark Age
Ending age
Imperial Age
RankedLock teamsTeams togetherTeam positionsShared explorationLock speedFull tech treeHidden civsTurbo modeCheats
Victory
Defeat
🇬🇧 Turks · United Kingdom
933
+11
🇬🇧 Bohemians · United Kingdom
858
+15
🇿🇦 Magyars · South Africa
845
-14
🇷🇺 Slavs · Russia
795
-12
Rikmen
10:33 Feudal Age
11:02 Double-Bit Axe
11:29 Horse Collar
17:53 Castle Age
17:43 Forging
17:37 Scale Mail Armor
17:32 Man-at-Arms
19:23 Long Swordsman
20:43 Heavy Plow
20:54 Bow Saw
21:29 Squires
23:43 Chain Mail Armor
23:30 Gold Mining
25:06 Wheelbarrow
24:16 Loom
27:40 Hand Cart
27:13 Town Watch
30:17 Masonry
30:05 Murder Holes
31:00 Detinets
36:09 Iron Casting
35:25 Fletching
40:11 Imperial Age
40:15 Two-Handed Swordsman
get cooked
13:49 Feudal Age
17:31 Castle Age
22:47 Husbandry
22:57 Bloodlines
The Horn Guy RBW ER
5:25 Loom
11:51 Feudal Age
12:44 Horse Collar
12:55 Double-Bit Axe
18:59 Castle Age
17:52 Scale Mail Armor
18:17 Arson
19:28 Pikeman
20:22 Town Watch
20:55 Heavy Plow
22:22 Chain Mail Armor
23:28 Forging
25:37 Wheelbarrow
25:27 Fletching
25:56 Murder Holes
28:11 Chemistry
28:49 Squires
29:38 Bodkin Arrow
31:17 Wagenburg Tactics
31:28 Man-at-Arms
emperorbobo
11:03 Feudal Age
13:54 Double-Bit Axe
16:21 Castle Age
14:19 Horse Collar
14:59 Double-Bit Axe
17:52 Heavy Plow
18:05 Bow Saw
21:16 Loom
24:32 Wheelbarrow
23:48 Town Watch
28:52 Imperial Age
27:14 Padded Archer Armor
27:29 Stone Mining
28:29 Town Patrol
29:38 Sanctity
30:37 Leather Archer Armor
31:47 Hand Cart
31:42 Fletching
32:29 Conscription
35:29 Ballistics
35:30 Elite Janissary
38:16 Fervor
38:48 Theocracy
39:08 Redemption
Connection lost

Rejoining the realm…

Still unreachable

The connection could not be restored.

Session expired

The server has moved on; the page needs a fresh start.